 Dungeon Crawl Stone Soup version 0.18-a0-1372-gd644665 (webtiles) character file.

540 Alphanumerix the Ruffian (level 7, -2/74 HPs)
             Began as a Troll Monk on Feb 22, 2016.
             Shot with an arrow by a centaur (7 damage)
             ... on level 5 of the Dungeon.
             The game lasted 00:15:34 (3204 turns).

Alphanumerix the Ruffian (Troll Monk)               Turns: 3204, Time: 00:15:35

Health: -2/74      AC:  5    Str: 20    XL:     7   Next: 5%
Magic:  6/6        EV: 10    Int:  8    God:
Gold:   125        SH:  0    Dex: 12    Spells: 0 memorised, 6 levels left

rFire  . . .     SeeInvis .       - Unarmed
rCold  . . .     Gourm    +     a - +0 robe
rNeg   . . .     Faith    .     (no shield)
rPois  .         Spirit   .     (helmet restricted)
rElec  .         Dismiss  .     (no cloak)
rCorr  .         Reflect  .     (gloves unavailable)
SustAt .         Harm     .     (boots unavailable)
MR     .....                    (no amulet)
Stlth  +.........               (no ring)
                                (no ring)

@: not resistant to hostile enchantments, very unstealthy
A: unfitting armour, claws 3, fast metabolism 3, gourmand, regeneration 2,
shaggy fur 1, tough skin 2
a: no special abilities


You were on level 5 of the Dungeon.
You were full.

You visited 1 branch of the dungeon, and saw 5 of its levels.

You collected 125 gold pieces.

Inventory:

Hand Weapons
 i - a +0 blowgun
Missiles
 e - 209 stones (quivered)
 j - 26 poisoned needles
 p - 6 large rocks
 t - 5 needles of slowing
Armour
 a - a +0 robe (worn)
Wands
 s - a wand of acid (8/15)
Scrolls
 c - a scroll of immolation {unknown}
 h - a scroll of teleportation
 k - 4 scrolls of blinking
 n - a scroll of remove curse
 r - 2 scrolls of vulnerability
 v - a scroll of amnesia {unknown}
Potions
 d - 2 potions of might
 g - a potion of cure mutation
 m - a potion of curing
 o - a potion of invisibility
 q - a potion of cancellation
 u - a potion of heal wounds {unknown}
Comestibles
 b - 5 bread rations
 f - 3 beef jerkies
 l - a meat ration


   Skills:
 * Level 5.6 Fighting
 + Level 0.7 Armour
 - Level 2.4 Dodging
 - Level 1.1 Stealth
 - Level 5.7 Unarmed Combat


You had 6 spell levels left.
You didn't know any spells.

Dungeon Overview and Level Annotations

Branches:
Dungeon (5/15)
 Temple: D:4-7

Altars:
Qazlal
Vehumet
Zin


Innate Abilities, Weirdness & Mutations

You are too large for most types of armour.
You have claws for hands.
Your metabolism is lightning-fast.
You like to eat raw meat.
You heal very quickly.
You are covered in fur (AC +1).
You have very tough skin (AC +2).


Message History

The centaur shoots an arrow.
The arrow hits you!
* * * LOW HITPOINT WARNING * * *
The orc wizard casts a spell.
The orc wizard blinks!
You see here an arrow.
You are too injured to fight recklessly!
You scratch the orc priest.
The orc priest is almost dead.
The orc priest mumbles some strange prayers to Beogh against you.
You barely resist.
A gnoll sergeant comes into view. It is wielding a trident of protection.
You closely miss the orc priest. Your claw misses the orc priest.
The orc priest is almost dead.
The orc priest hits you with an enchanted hand axe!
* * * LOW HITPOINT WARNING * * *
You scratch the orc priest.
You kill the orc priest!
You have reached level 7!
The centaur shoots an arrow.
The arrow hits you!
You die...

#.######........ #.#
#.#.##### #######.#
#.#.#
........######.#.#####
######................
#.####.##.....[.# #.
#.##.#.#.#.# #.
#.##.#....# #.
#.##@#####.#
#.####(##)## #
#.......ogc#
#..###.##.g# #. #..#
#. #.g# .. .... ## .#
##.## .# .. ..


You could see a gnoll sergeant, a centaur, an orc wizard and 2 gnolls.

Vanquished Creatures
  An ice beast (D:5)
  2 hounds
  A giant frog zombie (D:4)
  3 giant frog skeletons
  An orc priest (D:5)
  An orc wizard (D:4)
  Terence (D:3)
  A worker ant (D:4)
  Robin (D:3)
  6 adders
  An ooze (D:2)
  A worm (D:2)
  6 orcs
  9 bats
  3 giant cockroaches
  19 goblins
  9 hobgoblins
  9 jackals
  A quokka (D:2)
  4 giant newts
  8 kobolds
  A quokka skeleton (D:5)
  4 rats
93 creatures vanquished.

Notes
Turn   | Place    | Note
--------------------------------------------------------------
     0 | D:1      | Alphanumerix the Troll Monk began the quest for the Orb.
     0 | D:1      | Reached XP level 1. HP: 22/22 MP: 0/0
   209 | D:1      | Reached XP level 2. HP: 27/29 MP: 1/1
  1057 | D:2      | Reached XP level 3. HP: 34/37 MP: 2/2
  1376 | D:3      | Noticed Terence
  1389 | D:3      | Killed Terence
  1389 | D:3      | Reached XP level 4. HP: 33/46 MP: 3/3
  2011 | D:3      | Reached XP level 5. HP: 54/54 MP: 4/4
  2026 | D:3      | Noticed Robin
  2033 | D:3      | Killed Robin
  2370 | D:4      | Reached skill level 5 in Unarmed Combat
  2612 | D:4      | Reached XP level 6. HP: 63/63 MP: 5/5
  2679 | D:4      | Reached skill level 5 in Fighting
  2763 | D:4      | Found a stormy altar of Qazlal.
  2772 | D:4      | Found a glowing silver altar of Zin.
  2983 | D:4      | Found a radiant altar of Vehumet.
  3001 | D:5      | Entered Level 5 of the Dungeon
  3032 | D:5      | Noticed an ice beast
  3034 | D:5      | Killed an ice beast
  3204 | D:5      | Reached XP level 7. HP: 5/74 MP: 6/6
  3204 | D:5      | Shot with an arrow by a centaur

Vault maps used:
D:1:      dpeg_arrival_refuge
D:3:      kennysheep_goblin_castle, serial_glass, glass_columns_a,
          glass_columns_c, uniq_terence
D:4:      nicolae_overflow_hidden_temple, grunt_temple_overflow_open,
          first_bread
D:5:      minmay_temple_entry_enclosed_plants, nrook_loot_triangle,
          uniq_menkaure

Action                   |  1- 3 |  4- 6 |  7- 9 || total
-------------------------+-------+-------+-------++-------
Melee: Unarmed           |   115 |   157 |       ||   272
Throw: Stone             |       |     8 |       ||     8
       Large rock        |       |     1 |       ||     1
Evoke: Wand              |       |     1 |       ||     1
  Use: Potion            |     1 |     1 |       ||     2
       Scroll            |       |    12 |       ||    12
 Stab: Sleeping          |     4 |       |       ||     4
  Eat: Chunk             |    18 |    14 |       ||    32
